 Dungeon Crawl Stone Soup version 0.28.0-43-g3370ac3207 (webtiles) character file.

Game seed: 15358124813090563135

119 smarlow the Sneak (level 5, -2/24 HPs)
             Began as a Vine Stalker Enchanter on Mar 28, 2022.
             Succumbed to an adder's poison
             ... on level 6 of the Dungeon.
             The game lasted 00:04:35 (2041 turns).

smarlow the Sneak (Vine Stalker Enchanter)          Turns: 2041, Time: 00:04:36

Health: -2/24      AC:  3    Str: 10    XL:     5   Next: 3%
Magic:  0/10       EV: 12    Int: 15    God:
Gold:   178        SH:  0    Dex: 17    Spells: 2/10 levels left

rFire   . . .      SeeInvis .   a - +1 dagger
rCold   . . .      Faith    .   (no shield)
rNeg    . . .      Spirit   +   b - +0 robe
rPois   .          Reflect  .   (no helmet)
rElec   .          Harm     .   (no cloak)
rCorr   .          Rampage  .   g - +0 pair of gloves
Will    .....                   (no boots)
Stlth   +++.......              (no amulet)
HPRegen 0.88/turn               f - ring of flight
MPRegen 0.12/turn               (no ring)

@: lethally poisoned (-2 -> -11), about to teleport, weak-willed, flying
A: fangs 2, regeneration 1, magic shield, antimagic bite, no potion heal 2
a: no special abilities


You were on level 6 of the Dungeon.
You visited 1 branch of the dungeon, and saw 4 of its levels.

You collected 178 gold pieces.

Inventory:

Hand Weapons
 a - a +1 dagger (weapon)
Armour
 b - a +0 robe (worn)
 g - a +0 pair of gloves (worn)
Jewellery
 f - a ring of flight (left hand)
Wands
 h - a wand of flame (26)
Scrolls
 d - 2 scrolls of identify
Potions
 c - a potion of invisibility
 e - a potion of attraction {unknown}
 i - a potion of flight {unknown}
 m - a potion of brilliance {unknown}


   Skills:
 + Level 1.9 Short Blades
 + Level 2.3 Dodging
 + Level 4.5 Stealth
 + Level 3.0 Spellcasting
 + Level 3.6 Hexes


You had 2 spell levels left.
You knew the following spells:

 Your Spells              Type           Power      Damage    Failure   Level
a - Ensorcelled Hibernat  Hex/Ice        14%        N/A       14%         2
b - Confusing Touch       Hex            13%        N/A       14%         3
c - Tukima's Dance        Hex            13%        N/A       14%         3

Your spell library contained the following spells:

 Spells                   Type           Power      Damage    Failure   Level
 Dazzling Flash           Conj/Hex       14%        N/A       28%         3
 Gell's Gravitas          Tloc           2%         N/A       52%         3
 Teleport Other           Tloc           2%         N/A       52%         3
 Dispersal                Tloc           1%         N/A       100%        6


Dungeon Overview and Level Annotations

Branches:
Dungeon (3/15)

Altars:

Shops:
D:2 [


Innate Abilities, Weirdness & Mutations

You have extremely sharp teeth.
Your natural rate of healing is unusually fast.
When hurt, damage is shared between your health and your magic reserves.
Your bite disrupts and absorbs the magic of your enemies.
Potions cannot restore your health.


Message History

An orc is wielding a +0 dagger of venom.
An orc is wielding a +2 short sword of freezing.
Found 14 gold pieces, a ring mail and a dented cabochon amulet.
The helpless orc fails to defend itself.
You impale the orc!!
You kill the orc!
You have reached level 5!
The helpless orc fails to defend itself.
You impale the orc!!
You kill the orc!
The white imp shouts!
You hear a shout!
The white imp disappears for a moment.
A kobold brigand comes into view. It is wielding a +0 club.
A centaur comes into view.
The adder closely misses you.
As you read the scroll labelled ROZXAMPODET, it crumbles to dust.
It is a scroll of identify.
j - a scroll of fear The adder closely misses you.
As you read the scroll labelled NEHUDINOUBB, it crumbles to dust.
The centaur shouts!
The kobold shouts!
Magic quickly surges around you.
It was a scroll of vulnerability.
The adder barely misses you. The orc misses you.
The centaur wields a +0 vorpal shortbow.
The centaur shoots an arrow.
The arrow closely misses you.
As you read the scroll labelled BILARR GUOTEPTA, it crumbles to dust.
You feel strangely unstable.
It was a scroll of teleportation.
The adder barely misses you.
The centaur shoots an arrow.
The arrow hits you!
The orc hits you with a +0 dagger of venom.
You are poisoned.
The white imp gestures at you. The puff of frost hits you. The adder bites you.
You are more poisoned.
The adder poisons you!
The centaur shoots an arrow.
The arrow hits you!
* * * LOW HITPOINT WARNING * * *
x2
As you read the scroll of fear, it crumbles to dust.
You assume a fearsome visage.
The white imp looks frightened!
The adder looks frightened!
The kobold brigand looks frightened!
The kobold looks frightened! x2; The orc looks frightened!
The centaur looks frightened!
The scorpion looks frightened!
You die...

≈≈≈≈≈ ..... #
#⌠.... ≈#
#.... .≈#
##."..# #.≈#
#⌠..s.⌠##⌠.≈#
....[......≈#
....$5.@o...+
......S)....+
c..........≈#
#⌠..K.⌠##⌠.≈#
##.K..# #.≈#
#.K.. .≈#
#⌠.... ≈#
...... ≈#


You could see a kobold brigand (fleeing, weak-willed), a centaur (fleeing,
weak-willed), a scorpion (fleeing, weak-willed), an adder (fleeing,
weak-willed), a white imp (fleeing, weak-willed), an orc (fleeing, weak-willed)
and 2 kobolds.

Vanquished Creatures
  Robin (D:2)
  4 adders (D:2)
  A worm (D:2)
  2 dart slugs
  2 orcs (D:6)
  9 ball pythons
  8 bats
  2 endoplasms
  12 goblins
  4 hobgoblins
  4 jackals (D:1)
  A frilled lizard (D:2)
  6 kobolds
  4 rats
60 creatures vanquished.

Notes
Turn   | Place    | Note
-------+----------+-------------------------------------------
     0 | D:1      | smarlow the Vine Stalker Enchanter began the quest for the
                  | Orb.
     0 | D:1      | Reached XP level 1. HP: 9/9 MP: 4/4
    30 | D:1      | Reached skill level 1 in Short Blades
   182 | D:1      | Reached XP level 2. HP: 12/13 MP: 6/6
   240 | D:1      | Learned a level 2 spell: Ensorcelled Hibernation
   528 | D:1      | Found a faded altar of an unknown god.
   554 | D:1      | Reached skill level 4 in Stealth
   839 | D:1      | Reached XP level 3. HP: 16/16 MP: 7/7
   843 | D:1      | Learned a level 3 spell: Confusing Touch
   910 | D:2      | Noticed Robin
  1258 | D:2      | Found Tuggux's Armour Shoppe.
  1379 | D:2      | Killed Robin
  1389 | D:2      | Gained mutation: Your natural rate of healing is unusually
                  | fast. [Vine Stalker growth]
  1389 | D:2      | Reached XP level 4. HP: 16/21 MP: 4/9
  1910 | D:2      | Learned a level 3 spell: Tukima's Dance
  2035 | D:3      | You are sucked into a shaft and drop 3 floors!
  2035 | D:6      | Noticed a scorpion
  2037 | D:6      | Reached XP level 5. HP: 24/24 MP: 10/10
  2037 | D:6      | Noticed a kobold brigand
  2037 | D:6      | Noticed a centaur
  2040 | D:6      | HP: 1/24 [centaur/arrow (2)]
  2041 | D:6      | Succumbed to an adder's poison

Illustrated notes

Levels and vault maps discovered:
D:1:      tarquinn_simple_flora_water_a, layout_basic,
          nicolae_ecumenical_snake_handling
D:2:      layout_rooms, serial_shops, shop_fountains, minmay_fractal_squares_5,
          uniq_robin
D:3:      layout_loops_corners, serial_shops, shop, uniq_jessica, uniq_grinder
D:6:      layout_rooms, lemuel_round_altar, nicolae_ossuary_entry_plus,
          kennysheep_dice

Skill      XL: |  1  2  3  4 |
---------------+-------------+-----
Short Blades   | 1 |  1.9
Stealth        | 4 |  4.5
Dodging        | 2 |  2.3
Spellcasting   | 3 |  3.0
Hexes          | |  3.6

Action                   |  1- 3 |  4- 6 || total
-------------------------+-------+-------++-------
Melee: Dagger            |    78 |    69 ||   147
       Bite              |    16 |    14 ||    30
       Punch             |     1 |       ||     1
 Cast: Ensorcelled Hiber |     5 |     7 ||    12
  Use: Scroll            |       |     4 ||     4
 Stab: Sleeping          |    10 |     7 ||    17
Armor: Robe              |    18 |    17 ||    35
Dodge: Dodged            |    49 |    41 ||    90
